Map: Chantier naval orbital

Players

denrei

  • Race: Zerg Zerg
  • League: Grandmaster

AgCl - Winner!

  • Race: Protoss Protoss
  • League: Grandmaster

VOD

Have the link to the VOD?

Description

Time

  • Played on: July 12, 2015, 6:56 p.m.
  • Length: 9:55
Show
View Real Time Build Order
Export as new Build Order

denrei Zerg 

Build Orders: Hatch First, Roach Nydus 

Get SALT Encoding   

  12  0:01  Drone  
  13  0:08  Drone  
  14  0:35  Hatchery  
  13  0:38  Drone  
  14  0:53  Overlord  
  14  1:02  Spawning Pool  
  13  1:06  Drone  
  14  1:15  Drone x2  
  16  1:19  Drone  
  16  1:23  Extractor  
  16  1:31  Drone  
  17  1:49  Queen x2  
  17  1:51  Drone  
  17  1:53  Drone  
  23  1:58  Drone  
  23  2:01  Drone  
  25  2:08  Overlord  
  25  2:12  Drone  
  26  2:16  Drone  
  27  2:23  Drone  
  28  2:30  Drone  
  28  2:32  Overlord  
  28  2:34  Drone  
  30  2:42  Drone  
  31  2:48  Roach Warren  
  30  2:52  Drone  
  30  2:56  Drone, Extractor  
  31  2:58  Drone x3  
  31  2:59  Drone x2  
  36  3:05  Extractor  
  36  3:09  Lair  
  36  3:10  Drone  
  37  3:12  Zergling x2  
  37  3:15  Zergling x2  
  38  3:23  Drone x3  
  38  3:25  Overlord  
  41  3:31  Roach  
  43  3:44  Overlord  
  43  3:45  Overlord  
  43  3:48  Drone x3  
  46  3:51  Extractor  
  46  3:53  Drone x4  
  49  4:06  Queen  
  49  4:07  Queen  
  51  4:15  Evolution Chamber  
  51  4:16  Drone x2  
  44  4:23  Roach  
  44  4:24  Roach  
  43  4:36  Drone  
  43  4:37  Drone x2  
  46  4:42  Spore Crawler  
  45  4:48  Roach  
  47  4:53  Roach x2  
  47  4:54  Roach  
  47  4:56  Nydus Network  
  47  4:59  Roach  
  54  5:07  Roach x2  
  58  5:08  Roach x2  
  62  5:16  Roach x2  
  66  5:21  Overlord x2  
  66  5:41  Roach x2  
  66  5:42  Roach x4  
  78  5:48  Nydus Canal  
  78  5:50  Roach  
  78  5:51  Roach  
  78  5:54  Overlord  
  82  6:20  Queen x2  
  74  6:49  Drone x3, Spire  
  74  6:51  Drone  
  74  6:52  Drone x2  
  73  6:55  Queen  
  57  7:25  Hydralisk Den  
  57  7:29  Hatchery  
  55  7:34  Queen  
  55  7:35  Queen  
  59  7:51  Overseer  
  59  8:01  Corruptor x6  
  71  8:17  Corruptor x2  
  71  8:39  Overlord  
  71  8:40  Overlord x2  
  65  8:45  Corruptor  
  53  8:57  Corruptor  
  53  8:59  Hydralisk x4  
  51  9:11  Nydus Canal  
  51  9:13  Hydralisk x2  
Show
View Real Time Build Order
Export as new Build Order

AgCl Protoss - Winner!

Build Orders: Oracle Opening, Carrier Rush 

Get SALT Encoding   

  12  0:04  Probe  
  13  0:21  Probe, Pylon  
  14  0:40  Gateway  
  14  0:41  Probe  
  15  0:45  Assimilator  
  15  0:53  Probe  
  16  1:05  Probe  
  17  1:17  Probe  
  18  1:21  Assimilator  
  18  1:28  Cybernetics Core  
  18  1:29  Probe (Chrono Boost)  
  20  1:40  Probe (Chrono Boost)  
  20  1:41  Pylon  
  20  1:46  Probe  
  21  1:59  Probe (Chrono Boost)  
  23  2:09  Probe (Chrono Boost), Stargate  
  23  2:16  Probe (Chrono Boost)  
  24  2:27  Mothership Core (Chrono Boost)  
  24  2:29  Pylon  
  26  2:38  Nexus  
  26  2:42  Probe  
  27  2:50  Warp Gate  
  27  2:56  Oracle (Chrono Boost)  
  27  2:57  Probe  
  31  3:09  Probe (Chrono Boost)  
  32  3:13  Pylon  
  33  3:21  Probe (Chrono Boost)  
  34  3:27  Probe (Chrono Boost)  
  34  3:31  Assimilator  
  34  3:39  Probe (Chrono Boost)  
  34  3:40  Fleet Beacon  
  36  3:49  Probe (Chrono Boost)  
  37  3:55  Probe (Chrono Boost)  
  37  3:56  Assimilator  
  37  4:02  Probe (Chrono Boost)  
  39  4:03  Probe (Chrono Boost)  
  39  4:04  Carrier (Chrono Boost)  
  39  4:08  Probe (Chrono Boost)  
  40  4:10  Probe  
  41  4:20  Probe (Chrono Boost)  
  43  4:25  Gateway  
  43  4:28  Probe (Chrono Boost)  
  50  4:31  Probe (Chrono Boost)  
  50  4:36  Probe (Chrono Boost)  
  50  4:37  Probe (Chrono Boost)  
  52  4:47  Probe  
  53  4:55  Graviton Catapult (Chrono Boost)  
  53  4:56  Nexus  
  53  4:59  Probe, Pylon  
  54  5:03  Protoss Air Weapons Level 1, Carrier (Chrono Boost)  
  54  5:04  Probe  
  55  5:13  Probe  
  56  5:20  Probe (Chrono Boost)  
  63  5:25  Probe (Chrono Boost)  
  64  5:28  Pylon  
  64  5:32  Probe (Chrono Boost)  
  64  5:35  Probe (Chrono Boost)  
  66  5:37  Pylon  
  66  5:38  Probe (Chrono Boost)  
  67  5:45  Probe, Forge  
  67  5:49  Probe, Pylon  
  69  5:57  Probe  
  69  6:01  Probe, Gateway  
  69  6:02  Carrier (Chrono Boost)  
  71  6:04  Gateway  
  71  6:05  Pylon  
  71  6:09  Probe  
  72  6:13  Probe  
  79  6:24  Adept  
  81  6:26  Probe  
  82  6:37  Probe (Chrono Boost)  
  77  6:46  Adept  
  73  6:49  Probe (Chrono Boost)  
  73  6:51  Assimilator  
  73  6:52  Photon Cannon  
  75  6:55  Probe (Chrono Boost), Pylon, Assimilator  
  75  6:58  Probe (Chrono Boost)  
  75  7:02  Probe (Chrono Boost), Stargate  
  75  7:03  Pylon, Protoss Ground Weapons Level 1 (Chrono Boost)  
  75  7:06  Probe  
  75  7:07  Photon Cannon  
  76  7:11  Carrier (Chrono Boost)  
  76  7:14  Probe  
  77  7:28  Photon Cannon  
  77  7:36  Carrier (Chrono Boost)  
  83  7:43  Probe  
  84  7:55  Probe  
  91  8:00  Probe  
  92  8:06  Carrier (Chrono Boost)  
  92  8:11  Adept x3  
  98  8:13  Probe  
  101  8:37  Stalker x2  
  97  8:44  Pylon  
  83  9:00  Adept  
  83  9:01  Adept x2  
  101  9:48  Adept x2  
  101  9:49  Adept  
Tags
 
Add a new tag
Caveats
  • Supply blocks, unpowered buildings, or Contaminate may cause inaccurate times.
  • Supply counts are checked every 10 seconds.